 Dungeon Crawl Stone Soup version 0.29.1-12-g30fa7ad0bf (webtiles) character file.

Game seed: 17256078928770974744

1752 Lucy the Sneak (level 9, -9/96 HPs)
             Began as a Human Brigand on Dec 31, 2022.
             Was an Initiate of Gozag.
             Mangled by a death yak (15 damage)
             ... on level 8 of the Dungeon on Jan 1, 2023.
             The game lasted 00:18:35 (3524 turns).

Lucy the Sneak (Human Brigand)                      Turns: 3524, Time: 00:18:36

Health: -9/96      AC:  5    Str: 14    XL:     9   Next: 27%
Magic:  12/12      EV: 13    Int: 11    God:    Gozag
Gold:   124        SH:  0    Dex: 18    Spells: 1/12 levels left

rFire   + . .      SeeInvis .   k - +7 short sword "Ishusy" {spect, rPois rF+ rC+ Int-3 Dex+4}
rCold   + . .      Faith    .   (no shield)
rNeg    . . .      Spirit   .   b - +0 robe
rPois   +          Reflect  .   (no helmet)
rElec   .          Harm     .   g - +2 cloak
rCorr   .          Rampage  .   (no gloves)
Will    .....                   (no boots)
Stlth   ..........              (no amulet)
HPRegen 0.26/turn               (no ring)
MPRegen 0.13/turn               (no ring)

@: berserking, very quick
A: no striking features
a: Renounce Religion, Potion Petition, Call Merchant, Bribe Branch


You were on level 8 of the Dungeon.
You worshipped Gozag.
Gozag was aware of your devotion.
You visited 2 branches of the dungeon, and saw 9 of its levels.
You also visited: Sewer.

You collected 232 gold pieces.
You paid 108 gold pieces to Gozag.

Inventory:

Hand Weapons
 k - the +7 short sword "Ishusy" (weapon) {spect, rPois rF+ rC+ Int-3 Dex+4}
   (You found it on level 3 of the Dungeon)

   When its wielder attacks, the weapon's spirit leaps out and strikes again.
   The spirit shares a part of any damage it takes with its wielder.
   Int:       It affects your intelligence (-3).
   Dex:       It affects your dexterity (+4).
   rF:        It protects you from fire.
   rC:        It protects you from cold.
   rPois:     It protects you from poison.
Missiles
 q - a curare-tipped dart (quivered)
Armour
 b - a +0 robe (worn)
 c - a +0 cloak
 g - a +2 cloak (worn)
Jewellery
 e - a ring of wizardry
Wands
 n - a wand of roots (6)
 r - a wand of quicksilver (5)
Scrolls
 h - a scroll of enchant weapon
 o - a scroll of poison
Potions
 a - 4 potions of flight
 d - a potion of haste {unknown}
 f - 2 potions of magic
 i - a potion of mutation {unknown}
 j - a potion of berserk rage
 l - a potion of ambrosia {unknown}
 m - 2 potions of heal wounds {unknown}
 p - a potion of brilliance {unknown}


   Skills:
 * Level 3.4 Fighting
 * Level 4.5 Short Blades
 * Level 3.3 Throwing
 * Level 2.5 Armour
 * Level 3.1 Dodging
 * Level 7.0 Stealth
 * Level 2.4 Unarmed Combat
 * Level 2.1 Spellcasting
 * Level 1.8 Conjurations
 * Level 2.5 Translocations
 * Level 2.1 Transmutations
 * Level 1.4 Air Magic
 * Level 2.1 Poison Magic
 * Level 1.6 Evocations


You had one spell level left.
You knew the following spells:

 Your Spells              Type           Power      Damage    Failure   Level
a - Apportation           Tloc           12%        N/A       10%         1
b - Alistair's Intoxicat  Tmut/Pois      3%         N/A       98%         5
c - Shock                 Conj/Air       16%        1d4       16%         1
d - Airstrike             Air            2%         2d(1-17)  85%         4

Your spell library contained the following spells:

 Spells                   Type           Power      Damage    Failure   Level
 Swiftness                Air            4%         N/A       43%         3


Dungeon Overview and Level Annotations

Branches:
Dungeon (8/15)             Temple (1/1) D:7            Lair (0/5) D:8
  Sewer (visited)

Altars:
Ashenzari
Cheibriados
Dithmenos
Elyvilon
Fedhas
Gozag
Hepliaklqana
Kikubaaqudgha
Makhleb
Nemelex Xobeh
Okawaru
Qazlal
Ru
Sif Muna
Trog
Uskayaw
Vehumet
Wu Jian
Xom
Yredelemnul
Zin

Shops:
D:1 ?   D:2 =


Message History

The hell rat roars deafeningly!
You hit the death yak. You punch the death yak.
The death yak is lightly wounded.
Your +7 short sword "Ishusy" {spect, rPois rF+ rC+ Int-3 Dex+4} hits the death yak!
A river rat comes into view. x2
The death yak gores you!! The death yak attacks as you move away!
The death yak completely misses you.
A river rat comes into view.
A rat comes into view.
You hit the death yak.
The death yak is lightly wounded.
Your +7 short sword "Ishusy" {spect, rPois rF+ rC+ Int-3 Dex+4} hits the death yak!
The death yak gores you!!
* * * LOW HITPOINT WARNING * * *
A hell rat comes into view.
Aiming: Quicksilver Bolt
Press: ? - help, Shift-Dir - straight line, f - death yak
Aim: a death yak (moderately wounded, 90% to hit)
The bolt of dispelling energy hits the death yak!
The death yak is moderately wounded.
You hear a shout!
A howler monkey comes into view.
The river rat twitches its whiskers.
The death yak gores you!
* * * LOW HITPOINT WARNING * * *
The howler monkey moves out of view.
A howler monkey comes into view.
The death yak attacks as you move away! The death yak gores you.
* * * LOW HITPOINT WARNING * * *
The death yak attacks as you move away! The death yak closely misses you.
The death yak attacks as you move away! The death yak misses you.
Okay, then.
Okay, then.
Press: ? - help, v - describe, . - travel
Here: a hell rat The floor.
It was a potion of berserk rage.
A red film seems to cover your vision as you go berserk!
You feel yourself moving faster!
You feel mighty! The death yak gores you!
You die...
Your body crumbles into a pile of gold.

#.......#.......#..8.....
########.......###.......
#.#+######....>...
#........#........
#........#........
#........+........
#........#..8.....
#........#........
#@.......##+###...
#Y#######.. #... #r# ..
#... #r####.##.. #...
#r#........ #+##
#.Y.......# ##r......##
#......... #.r...#...


You could see 2 death yaks, 2 hell rats and 2 river rats.

Vanquished Creatures
  An orc warrior (D:7)
  A black bear (D:8)
  An ice beast (D:7)
  3 ogres
  A phantom (D:5)
  2 bullfrogs (D:7)
  A gnoll sergeant (D:6)
  A scorpion (D:7)
  3 wights (D:6)
  5 killer bees (D:8)
  2 hounds
  An orc priest (D:7)
  Crazy Yiuf (D:7)
  3 jellies
  Jessica (D:3)
  2 iguanas
  6 gnolls
  6 adders
  5 river rats (Sewer)
  A shadow imp (D:5)
  A white imp (D:6)
  3 worms
  A dart slug (D:2)
  3 orcs
  7 bats
  12 endoplasms
  A giant cockroach (Sewer)
  2 goblins
  4 hobgoblins
  3 kobolds
  3 quokkas
  5 ball pythons
  4 frilled lizards
  5 rats
101 creatures vanquished.

Notes
Turn   | Place    | Note
-------+----------+-------------------------------------------
     0 | D:1      | Lucy the Human Brigand began the quest for the Orb.
     0 | D:1      | Reached XP level 1. HP: 16/16 MP: 1/1
   122 | D:1      | Reached XP level 2. HP: 15/22 MP: 2/2
   141 | D:1      | Learned a level 1 spell: Apportation
   143 | D:1      | Found Bughet's Magic Scroll Boutique.
   199 | D:2      | Found Fotoeply's Jewellery Emporium.
   471 | D:2      | Reached XP level 3. HP: 26/27 MP: 3/3
   645 | D:3      | Identified the +7 short sword "Ishusy" {spect, rPois rF+
                  | rC+ Int-3 Dex+4}
   773 | D:3      | Noticed Jessica
   779 | D:3      | Killed Jessica
   780 | D:3      | Reached XP level 4. HP: 30/33 MP: 4/4
   868 | D:4      | Found a glowing drain.
   873 | D:4      | Reached skill level 5 in Stealth
   882 | Sewer    | Entered a sewer
  1039 | Sewer    | Reached skill level 1 in Armour
  1039 | Sewer    | Reached XP level 5. HP: 39/39 MP: 5/5
  1062 | Sewer    | Reached skill level 1 in Translocations
  1372 | Sewer    | Reached skill level 1 in Spellcasting
  1374 | Sewer    | Reached XP level 6. HP: 33/46 MP: 7/7
  1502 | Sewer    | Reached skill level 1 in Unarmed Combat
  1565 | D:4      | Learned a level 5 spell: Alistair's Intoxication
  1653 | D:5      | Entered Level 5 of the Dungeon
  1781 | D:5      | Reached XP level 7. HP: 51/51 MP: 8/8
  1853 | D:6      | Learned a level 1 spell: Shock
  1886 | D:6      | Reached skill level 6 in Stealth
  1909 | D:6      | Reached skill level 1 in Transmutations
  1909 | D:6      | Reached skill level 1 in Poison Magic
  2242 | D:6      | Reached XP level 8. HP: 33/57 MP: 10/10
  2437 | D:7      | Found a runed translucent door.
  2438 | D:7      | Noticed Crazy Yiuf
  2445 | D:7      | Killed Crazy Yiuf
  2484 | D:7      | Reached skill level 1 in Conjurations
  2537 | D:7      | Reached skill level 1 in Evocations
  2626 | D:7      | Found a staircase to the Ecumenical Temple.
  2632 | D:7      | Reached skill level 1 in Air Magic
  2636 | Temple   | Entered the Ecumenical Temple
  2759 | Temple   | Became a worshipper of Gozag Ym Sagoz the Greedy
  2834 | D:7      | Reached XP level 9. HP: 44/64 MP: 10/12
  2937 | D:7      | Learned a level 4 spell: Airstrike
  3071 | D:8      | Reached skill level 7 in Stealth
  3510 | D:8      | Found a staircase to the Lair.
  3511 | D:8      | Noticed a death yak
  3513 | D:8      | Noticed a death yak
  3514 | D:8      | Noticed a death yak
  3519 | D:8      | HP: 3/64 [death yak (3)]
  3524 | D:8      | Mangled by a death yak

Illustrated notes

Levels and vault maps discovered:
D:1:      amcnicky_arrival_blooded_trapdoor, layout_loops_cross, serial_shops,
          nicolae_shop_stone, hellmonk_ecumenical_altar_zigzags
D:2:      layout_basic, serial_shops, shop
D:3:      layout_rooms, uniq_jessica
D:4:      layout_rooms, portal_sewer_entry_d, st_stairs_14
D:5:      layout_basic, uniq_grinder
D:6:      layout_basic, serial_shops, nicolae_shop_hallway_plus, minivault_23
D:7:      layout_gridville, nicolae_tso_besieged_by_evil, temple_green,
          st_stairs_13, grunt_ministairs_7, uniq_crazy_yiuf_cottage
D:8:      layout_gridville, dpeg_lair_monsters, st_stairs_1,
          nicolae_take_the_stairs, nrook_mini_backslash
Temple:   mainiacjoe_temple_starburst

Skill      XL: |  1  2  3  4  5  6  7  8  9 |
---------------+----------------------------+-----
Stealth        | 5 6 7 |  7.0
Armour         | 1 2 |  2.5
Translocations | 1 2 |  2.5
Spellcasting   | 1 2 |  2.1
Unarmed Combat | 1 2 |  2.4
Short Blades   | 3 4 |  4.5
Dodging        | 2 3 |  3.1
Transmutations | 1 2 |  2.1
Poison Magic   | 1 2 |  2.1
Fighting       | 3 |  3.4
Throwing       | 3 |  3.3
Conjurations   | 1 |  1.8
Evocations     | 1 |  1.6
Air Magic      | 1 |  1.4

Action                   |  1- 3 |  4- 6 |  7- 9 || total
-------------------------+-------+-------+-------++-------
Melee: Dagger            |    46 |       |       ||    46
       Punch             |     1 |     1 |     1 ||     3
       Short sword       |    11 |    65 |    56 ||   132
       Rapier            |     2 |       |       ||     2
Throw: Dart              |     2 |       |    12 ||    14
 Cast: Apportation       |       |     1 |       ||     1
       Shock             |       |       |     3 ||     3
Evoke: Wand              |       |       |     4 ||     4
  Use: Scroll            |     1 |     6 |     3 ||    10
       Potion            |       |     1 |     3 ||     4
 Stab: Sleeping          |     8 |     4 |     3 ||    15
       Distracted        |       |       |     2 ||     2
Armor: Robe              |     9 |    29 |    13 ||    51
Dodge: Dodged            |    24 |    63 |    30 ||   117
